 Dungeon Crawl Stone Soup version 0.32-a0-975-g85d4e5bfdb (webtiles) character file.

Game seed: 9430537513462713911

39 PriceMaster the Magician (level 3, 0/17 HPs)
             Began as a Spriggan Earth Elementalist on Apr 19, 2024.
             Killed from afar by a kobold (8 damage)
             ... with a puff of flame
             ... on level 2 of the Dungeon.
             The game lasted 00:02:03 (1708 turns).

PriceMaster the Magician (SpEE)                     Turns: 1708, Time: 00:02:04

Health: 0/17       AC:  2    Str:  4    XL:     3   Next: 28%
Magic:  5/8        EV: 16    Int: 18    God:
Gold:   107        SH:  0    Dex: 15    Spells: 7/8 levels left

rFire   . . .        c - +2 mace (drain)
rCold   . . .        (no shield)
rNeg    . . .        a - +0 robe
rPois   .            (helmet restricted)
rElec   .            (no cloak)
rCorr   .            (gloves unavailable)
SInv    +            (boots unavailable)
Will    .....        (no amulet)
Stlth   ++           (no ring)
HPRegen 0.22/turn    (no ring)
MPRegen 0.11/turn

%: no passive effects
@: very quick
A: very small, no large weapons, unfitting armour, see invisible, speed 3
a: no special abilities


You were on level 2 of the Dungeon.
You visited 1 branch of the dungeon, and saw 2 of its levels.

You collected 107 gold pieces.

Inventory:

Hand Weapons
 c - a +2 mace of draining (weapon)
Armour
 a - a +0 robe (worn)
Scrolls
 g - 3 scrolls of poison {unknown}
 i - a scroll of teleportation {unknown}
Potions
 b - a potion of magic
 d - a potion of curing {unknown}
 e - a potion of might {unknown}
 f - a potion of brilliance {unknown}
 h - 3 potions of heal wounds {unknown}


   Skills:
 * Level 0.6 Fighting
 + Level 0.1 Maces & Flails
 * Level 2.6 Dodging
 * Level 3.3 Stealth
 * Level 3.4 Spellcasting
 * Level 0.8 Conjurations
 * Level 3.2 Earth Magic


You had 7 spell levels left.
You knew the following spells:

 Your Spells              Type           Power      Damage    Failure   Level
a - Sandblast             Erth           28%        2d8       4%          1

Your spell library contained the following spells:

 Spells                   Type           Power      Damage    Failure   Level
 Passwall                 Erth           14%        N/A       12%         3
 Summon Small Mammal      Summ           12%        N/A       16%         1
 Stone Arrow              Conj/Erth      20%        3d8       21%         3
 Ensorcelled Hibernation  Hex/Ice        6%         N/A       24%         2
 Call Canine Familiar     Summ           3%         N/A       43%         3
 Swiftness                Air            3%         N/A       43%         3
 Brom's Barrelling Bould  Conj/Erth      10%        2d3       56%         4
 Petrify                  Alch/Erth      8%         N/A       63%         4
 Summon Blazeheart Golem  Fire/Summ      3%         N/A       83%         4


Dungeon Overview and Level Annotations

Branches:
Dungeon (2/15)

Altars:
Vehumet


Innate Abilities, Weirdness & Mutations

You are very small and have problems with some larger weapons.
You are too small for most types of armour.
You have supernaturally acute eyesight. (SInv)
You cover ground extremely quickly. (Speed+++)


Message History

No target in view!
A bat comes into view.
A bat is nearby!
A bat is nearby!
You can't see any susceptible monsters within range! (Use Z to cast anyway.)
The blast of sand hits the bat!
You kill the bat!
No target in view!
You can't see any susceptible monsters within range! (Use Z to cast anyway.)
Found a radiant altar of Vehumet.
You see here a bat corpse.
An endoplasm comes into view.
An endoplasm is nearby!
Found a stone staircase leading up.
You can't see any susceptible monsters within range! (Use Z to cast anyway.)
You can't see any susceptible monsters within range! (Use Z to cast anyway.)
You can't see any susceptible monsters within range! (Use Z to cast anyway.)
The blast of sand hits the endoplasm.
You kill the endoplasm!
You can't see any susceptible monsters within range! (Use Z to cast anyway.)
h - 3 brown potions (gained 1)
A rat comes into view.
Found a stone staircase leading down.
A rat is nearby!
A kobold comes into view.
It is wielding a +0 short sword and carrying a wand of flame.
Found 14 gold pieces.
You can't see any susceptible monsters within range! (Use Z to cast anyway.)
Found a manual of Long Blades.
The blast of sand hits the rat!
You kill the rat!
The kobold shouts!
The blast of sand hits the kobold but does no damage.
The blast of sand misses the kobold.
A kobold comes into view. It is wielding a +2 whip of freezing.
The kobold zaps a wand.
The puff of flame hits you!
Ouch! That really hurt!
You are too injured to fight recklessly!
You are too injured to fight recklessly!
The kobold zaps a wand.
The puff of flame hits you!
You die...

..... # .:..##
#.... .....#
#..#. #K.....
#..#.# .......
#....# ...>. .
#.#<.#####..#..$#
#........K.....#
#.....@####...##
#......# #.#
#.._..## #
#.....# ###
#.....# #..
###..## #.# #.##
#.# #.# #.######
#.######.#.....


You could see a kobold.

Vanquished Creatures
  An orc (D:2)
  4 ball pythons
  4 endoplasms
  2 giant cockroaches (D:1)
  5 goblins
  4 hobgoblins (D:1)
  4 kobolds
  A quokka (D:1)
  5 bats
  4 rats
34 creatures vanquished.

Notes
Turn   | Place    | Note
-------+----------+-------------------------------------------
     0 | D:1      | PriceMaster the Spriggan Earth Elementalist began the quest
                  | for the Orb.
     0 | D:1      | Reached XP level 1. HP: 9/9 MP: 5/5
   268 | D:1      | Found a faded altar of an unknown god.
   436 | D:1      | Reached XP level 2. HP: 13/13 MP: 7/7
  1182 | D:2      | Reached XP level 3. HP: 17/17 MP: 6/8
  1677 | D:2      | Found a radiant altar of Vehumet.
  1708 | D:2      | Killed from afar by a kobold

Illustrated notes

Levels and vault maps discovered:
D:1:      dpeg_arrival_round_c, layout_loops_ring,
          hellmonk_ecumenical_altar_heavens_door
D:2:      layout_loops_ring, basic_altar

Skill      XL: |  1 |
---------------+----+-----
Earth Magic    | 3 |  3.2
Spellcasting   | 3 |  3.4
Fighting       | |  0.6
Maces & Flails | |  0.1
Dodging        | |  2.6
Stealth        | |  3.3
Conjurations   | |  0.8

Action                     || total
---------------------------++-------
  Melee: Unarmed           ||     3
         Mace              ||     7
   Cast: Sandblast         ||    49
    Use: Scroll            ||     1
 Armour: Robe              ||    11
  Dodge: Dodged            ||    21

Table legend: (Time is in decaauts)
 A = Elapsed time spent in this place.
 B = Non-inter-level travel time spent in this place.
 C = Inter-level travel time spent in this place.
 D = Time resting spent in this place.
 E = Time spent auto-exploring this place.
 F = Levels seen in this place.
 G = Mean time per level.
                   A        B        C        D        E       F      G
               +--------+--------+--------+--------+--------+-----+--------+
         Total |   1261 |   1246 |     15 |     70 |    993 |   2 |  630.5 |
       Dungeon |   1261 |   1246 |     15 |     70 |    993 |   2 |  630.5 |
               +--------+--------+--------+--------+--------+-----+--------+

Top non-repeatable levels by time:
     D:1: 885 daAuts
     D:2: 375 daAuts
